Map: Oxide LE

Players

Pacomike

  • Race: Protoss Protoss
  • League: Grandmaster
  • Spawn Location: 7:00

Kelazhur - Winner!

  • Race: Terran Terran
  • Spawn Location: 1:00

Event: DreamHack SC2 Masters 2020 Winter

VOD

Have the link to the VOD?

Description

Time

  • Played on: Oct. 21, 2020, 3:45 p.m.
  • Length: 12:27

All games in this series

Show
View Real Time Build Order
Export as new Build Order

Pacomike Protoss 

Build Orders: 1 Gate Expand, Blink Stalkers 

Get SALT Encoding   

  12  0:00  Probe  
  13  0:12  Probe  
  14  0:16  Pylon  
  14  0:24  Probe (Chrono Boost)  
  16  0:36  Probe (Chrono Boost)  
  16  0:39  Gateway  
  16  0:43  Probe (Chrono Boost)  
  16  0:45  Assimilator  
  17  0:51  Probe  
  18  1:03  Probe  
  19  1:15  Probe  
  20  1:26  Cybernetics Core  
  20  1:31  Nexus  
  20  1:34  Probe  
  21  1:41  Pylon  
  21  1:49  Assimilator  
  21  1:51  Probe  
  22  1:59  Adept (Chrono Boost)  
  22  2:03  Probe, Warp Gate  
  25  2:15  Probe  
  26  2:23  Stalker (Chrono Boost)  
  26  2:27  Probe  
  29  2:39  Probe, Shield Battery  
  29  2:43  Probe  
  31  2:49  Stalker (Chrono Boost)  
  33  2:51  Probe  
  33  2:56  Probe  
  35  3:04  Probe  
  36  3:07  Twilight Council  
  36  3:08  Probe  
  37  3:13  Stalker  
  37  3:16  Probe (Chrono Boost)  
  40  3:20  Probe (Chrono Boost)  
  41  3:28  Probe (Chrono Boost)  
  41  3:32  Probe (Chrono Boost)  
  41  3:33  Pylon  
  43  3:37  Probe (Chrono Boost)  
  43  3:38  Probe (Chrono Boost)  
  45  3:42  Probe  
  45  3:43  Blink (Chrono Boost), Assimilator  
  45  3:46  Robotics Facility  
  46  3:51  Probe, Pylon  
  46  3:54  Probe  
  48  4:02  Gateway  
  48  4:03  Probe  
  48  4:05  Gateway  
  48  4:06  Probe  
  50  4:15  Probe  
  51  4:18  Probe  
  51  4:21  Pylon  
  52  4:27  Probe  
  52  4:30  Probe  
  54  4:39  Probe, Stalker  
  56  4:58  Probe  
  57  5:00  Nexus  
  57  5:03  Assimilator  
  57  5:04  Robotics Bay, Observer (Chrono Boost)  
  57  5:06  Probe  
  59  5:10  Probe  
  59  5:11  Stalker  
  62  5:18  Probe, Gateway  
  62  5:19  Gateway  
  62  5:20  Gateway, Observer  
  63  5:25  Probe  
  65  5:31  Charge  
  65  5:39  Probe  
  65  5:41  Shield Battery  
  65  5:42  Stalker x3  
  68  5:43  Probe  
  69  5:51  Probe  
  69  5:55  Probe  
  69  6:02  Colossus  
  69  6:03  Probe  
  70  6:11  Probe  
  70  6:15  Pylon  
  70  6:16  Probe x2  
  79  6:20  Extended Thermal Lance (Chrono Boost)  
  79  6:24  Probe  
  80  6:28  Probe  
  80  6:30  Probe  
  82  6:34  Pylon  
  82  6:36  Probe  
  83  6:40  Probe  
  83  6:42  Templar Archives  
  83  6:46  Stalker x3  
  89  6:47  Probe  
  89  6:49  Probe  
  89  6:52  Probe  
  92  6:55  Shield Battery  
  92  6:56  Colossus (Chrono Boost)  
  98  7:03  Probe  
  98  7:07  Pylon  
  99  7:10  Pylon  
  92  7:17  Stalker x3, Zealot  
  97  7:23  Zealot x2  
  97  7:29  Probe  
  100  7:30  Probe  
  100  7:31  Probe  
  100  7:34  Assimilator  
  100  7:35  Assimilator  
  102  7:37  Forge  
  102  7:39  Forge  
  102  7:41  Probe  
  104  7:44  Probe  
  104  7:45  Observer  
  104  7:46  Psionic Storm  
  104  7:47  Probe  
  104  7:50  Pylon x2  
  106  8:01  Probe  
  106  8:02  Probe  
  108  8:08  Stalker x6  
  112  8:23  Protoss Ground Armor Level 1 (Chrono Boost), Protoss Ground Weapons Level 1 (Chrono Boost)  
  112  8:25  Disruptor  
  109  8:31  Gateway x2  
  109  8:33  Pylon  
  109  8:35  Probe  
  109  8:37  Pylon  
  109  8:41  Zealot x3  
  114  8:42  Zealot x2  
  114  8:44  Zealot  
  105  9:07  Zealot x5  
  106  9:24  Observer (Chrono Boost)  
  106  9:29  Stalker  
  106  9:30  Stalker x4  
  115  9:38  Probe x3  
  112  9:42  Disruptor (Chrono Boost)  
  112  9:44  Gateway  
  116  9:49  Zealot x2  
  116  9:50  Probe x2  
  122  9:59  High Templar x5  
  132  10:05  Archon  
  132  10:06  Archon  
  130  10:22  Zealot x2  
  130  10:26  Disruptor  
  137  10:30  Nexus  
  122  10:35  Stalker  
  122  10:36  Stalker x3  
  115  10:43  Zealot x4  
  115  10:45  Probe  
  115  10:46  Probe  
  115  10:52  Colossus (Chrono Boost)  
  119  11:06  Zealot, High Templar x3  
  119  11:07  Zealot x4  
  135  11:12  Pylon  
  135  11:30  Zealot  
  135  11:31  Zealot x4  
  109  11:42  Disruptor (Chrono Boost)  
  109  11:43  Zealot x3  
  97  11:52  Archon  
  97  11:53  Zealot x2  
  97  11:54  Zealot  
  87  11:55  Stalker x2  
  83  12:04  Zealot x3  
  79  12:16  Stalker x2  
  79  12:17  Stalker  
Show
View Real Time Build Order
Export as new Build Order

Kelazhur Terran - Winner!

Build Orders: Liberator Opening, Reaper Expand 

Get SALT Encoding   

  12  0:00  SCV  
  13  0:12  SCV  
  14  0:17  Supply Depot  
  14  0:24  SCV  
  15  0:39  SCV, Barracks  
  16  0:43  Refinery  
  16  0:51  SCV  
  17  1:03  SCV  
  18  1:15  SCV  
  19  1:27  Reaper, Orbital Command  
  20  1:47  Command Center  
  20  1:52  Supply Depot  
  21  1:54  SCV  
  21  1:59  Marine  
  22  2:06  Bunker  
  22  2:07  SCV  
  23  2:16  Factory  
  23  2:19  SCV  
  24  2:23  Barracks Reactor  
  24  2:29  Refinery  
  24  2:32  SCV  
  25  2:45  SCV  
  26  3:00  Marine x2  
  26  3:01  Hellion, Orbital Command, Starport  
  26  3:02  SCV  
  31  3:18  Marine x2  
  33  3:23  SCV, Widow Mine  
  35  3:28  SCV  
  36  3:35  SCV  
  36  3:36  Marine x2  
  36  3:37  Medivac  
  36  3:40  SCV  
  41  3:44  Supply Depot  
  41  3:45  Bunker, Widow Mine  
  41  3:48  SCV  
  44  3:54  SCV  
  45  3:56  Barracks  
  45  4:00  Marine  
  46  4:05  SCV, Marine  
  46  4:06  SCV, Supply Depot  
  49  4:11  Liberator  
  52  4:19  SCV, Supply Depot  
  52  4:22  Barracks  
  53  4:26  SCV, Factory Tech Lab  
  53  4:27  Marine  
  55  4:33  SCV, Supply Depot  
  56  4:38  SCV  
  56  4:43  Supply Depot  
  56  4:45  SCV  
  56  4:50  Marine  
  56  4:51  SCV  
  58  4:57  SCV  
  58  4:58  Factory Reactor  
  59  5:01  Stimpack, Marine  
  59  5:02  Marauder  
  59  5:03  Starport Reactor  
  59  5:04  SCV  
  59  5:06  Refinery  
  63  5:07  Refinery  
  63  5:09  Engineering Bay  
  63  5:13  SCV  
  64  5:14  Marine  
  64  5:15  Barracks Tech Lab  
  64  5:18  SCV  
  64  5:21  Marine  
  67  5:25  SCV  
  70  5:28  Marauder  
  70  5:30  SCV  
  71  5:37  Combat Shield, Marauder  
  71  5:38  SCV  
  74  5:44  Marine x2  
  74  5:47  SCV  
  74  5:48  Terran Infantry Weapons Level 1  
  77  5:50  Medivac, Marauder  
  77  5:53  SCV  
  77  5:55  Supply Depot  
  82  5:57  Medivac  
  82  5:59  SCV  
  85  6:05  Missile Turret  
  85  6:07  Supply Depot  
  85  6:12  Supply Depot, Marine  
  85  6:16  Marine  
  85  6:17  Marauder x2, Widow Mine  
  93  6:21  Supply Depot  
  93  6:28  Medivac x2  
  93  6:29  Widow Mine  
  99  6:34  Marine  
  100  6:43  Command Center  
  100  6:45  Marauder x2, Marine  
  107  6:47  Widow Mine  
  107  6:50  Widow Mine  
  107  6:52  Marine  
  110  6:58  Medivac x2  
  111  7:03  SCV x2  
  111  7:07  Marauder  
  105  7:16  Marauder  
  105  7:18  Marine  
  105  7:19  Marine  
  105  7:21  Widow Mine x2  
  105  7:22  SCV  
  113  7:23  Barracks  
  113  7:24  Barracks  
  102  7:30  SCV  
  102  7:32  Marauder  
  102  7:33  Liberator x2  
  111  7:37  Marauder  
  111  7:38  SCV  
  111  7:42  Terran Infantry Armor Level 1  
  114  7:45  SCV  
  114  7:47  Marine x2  
  117  7:54  SCV  
  117  7:55  Marauder  
  117  7:57  Supply Depot  
  120  7:59  Armory  
  120  8:03  Concussive Shells, Marauder  
  122  8:09  SCV  
  122  8:12  Barracks Reactor, Orbital Command, Barracks Tech Lab  
  123  8:16  SCV  
  123  8:17  Marauder  
  122  8:24  Marauder  
  122  8:26  Marine  
  122  8:27  Marine  
  121  8:29  SCV x2  
  121  8:33  Medivac  
  126  8:35  Medivac  
  126  8:41  SCV x3  
  129  8:42  Refinery, Starport  
  129  8:43  Refinery  
  137  8:48  Marauder x3, Marine  
  137  8:49  Marine x3  
  137  8:55  SCV x2  
  143  8:56  Supply Depot  
  140  9:08  Widow Mine  
  144  9:10  Marauder x3  
  138  9:17  Marine  
  138  9:18  Marine  
  140  9:25  Viking  
  140  9:29  Widow Mine  
  140  9:31  Marauder x3  
  150  9:36  Terran Infantry Weapons Level 2  
  148  9:41  Marine x4  
  148  9:44  Viking x2  
  156  9:51  Viking  
  156  9:52  Marauder, Marine  
  159  9:58  Marauder  
  159  9:59  Marine  
  162  10:00  Viking  
  162  10:03  Command Center  
  164  10:10  Supply Depot x3  
  164  10:12  Marauder  
  164  10:28  Viking  
  164  10:31  Viking  
  164  10:35  Viking x2  
  167  10:39  Marauder  
  167  10:40  Marauder  
  151  10:43  Marauder  
  151  10:47  Marine  
  151  10:48  Marine x2  
  138  10:54  Marine  
  138  10:56  SCV  
  138  10:57  SCV x2  
  142  10:58  Viking  
  142  11:01  Viking  
  142  11:04  Marauder x2  
  150  11:06  Marauder  
  156  11:12  SCV x3  
  156  11:16  Marine x3  
  156  11:17  Marine  
  163  11:23  Planetary Fortress  
  163  11:25  Marauder  
  165  11:27  Marauder  
  157  11:33  Medivac x2, Liberator x2  
  157  11:34  Marine  
  158  11:43  Marine x2  
  158  11:46  Marauder, Marine x2  
  147  11:49  Marauder  
  147  11:52  Marauder  
  139  12:01  Marine  
  129  12:04  Marine x2  
  129  12:05  Marine  
  135  12:09  Barracks  
  135  12:11  Barracks  
  135  12:12  Barracks  
Tags
 
Add a new tag
Caveats
  • Supply blocks, unpowered buildings, or Contaminate may cause inaccurate times.
  • Supply counts are checked every 10 seconds.